 Dungeon Crawl Stone Soup version 0.31.0-9-g3a7656b989 (webtiles) character file.

Game seed: 4609382148930757101

102 qw the Shooter (level 4, -1/22 HPs)
             Began as a Spriggan Hunter on Feb 2, 2024.
             Slain by a kobold
             ... wielding a +0 short sword
              (4 damage)
             ... on level 2 of the Dungeon.
             The game lasted 00:00:04 (1147 turns).

qw the Shooter (Spriggan Hunter)                    Turns: 1147, Time: 00:00:05

Health: -1/22      AC:  2    Str:  7    XL:     4   Next: 50%
Magic:  5/5        EV: 20    Int: 10    God:
Gold:   94         SH:  0    Dex: 20    Spells: 3/3 levels left

rFire   + . .        a - +1 shortbow
rCold   . . .        (shield currently unavailable)
rNeg    . . .        c - +0 robe
rPois   .            (helmet restricted)
rElec   .            (no cloak)
rCorr   .            (gloves unavailable)
SInv    +            (boots unavailable)
Will    .....        (no amulet)
Stlth   ++           (no ring)
HPRegen 0.23/turn    (no ring)
MPRegen 0.09/turn

%: no passive effects
@: very quick
A: very small, no large weapons, unfitting armour, see invisible, speed 3, fire
resistance 1, evolution 1
a: no special abilities


You were on level 2 of the Dungeon.
You visited 1 branch of the dungeon, and saw 2 of its levels.

You collected 94 gold pieces.


Innate Abilities, Weirdness & Mutations

You are very small and have problems with some larger weapons.
You are too small for most types of armour.
You have supernaturally acute eyesight. (SInv)
You cover ground extremely quickly. (Speed+++)
Your flesh is heat resistant. (rF+)
You have hidden genetic potential.


   Skills:
 - Level 1.5 Fighting
 - Level 5.1 Ranged Weapons
 + Level 4.8 Dodging
 - Level 1.5 Stealth


You had 3 spell levels left.
You didn't know any spells.
Your spell library was empty.

Inventory:

Hand Weapons
 a - a +1 shortbow (weapon)
Armour
 c - a +0 robe (worn)
Potions
 b - a potion of enlightenment {unknown}
 d - a potion of haste {unknown}
 f - a potion of mutation
 g - a potion of resistance

Dungeon Overview and Level Annotations

Branches:
Dungeon (2/15)

Altars:

Shops:
D:1 *


Message History

You shoot an arrow. The arrow hits the gnoll.
The gnoll is moderately wounded.
The kobold throws a stone.
The stone misses you.
You shoot an arrow. The arrow hits the gnoll.
The gnoll is moderately wounded.
The kobold throws a stone.
The stone misses you.
You shoot an arrow.
The arrow hits the gnoll but does no damage.
The gnoll is moderately wounded.
The gnoll completely misses you. The gnoll closely misses you.
You shoot an arrow. The arrow barely misses the gnoll.
The arrow hits the kobold but does no damage.
The gnoll hits you with a +0 club!
You shoot an arrow. The arrow hits the gnoll.
The gnoll is severely wounded.
The kobold hits you with a +0 short sword.
The gnoll misses you.
You shoot an arrow. The arrow barely misses the gnoll.
The gnoll completely misses you.
You shoot an arrow. The arrow hits the gnoll!
You kill the gnoll!
The kobold hits you with a +0 short sword.
You shoot an arrow. The arrow closely misses the kobold.
The kobold closely misses you.
A gnoll comes into view. It is wielding a +0 halberd.
The kobold hits you but does no damage.
You shoot an arrow. The gnoll shouts!
The arrow hits the dart slug but does no damage.
The kobold hits you with a +0 short sword. x2
The dart slug misses you. The kobold barely misses you.
The kobold closely misses you.
You shoot an arrow. The arrow hits the dart slug.
The dart slug is lightly wounded.
The dart slug briefly extends its eye-stalks.
The dart slug launches a dart at you. The slug dart hits you.
The kobold closely misses you.
A gnoll comes into view. It is wielding a +0 club.
The kobold hits you with a +0 short sword.
You die...

#......# #......#
.############.)..#
.[.......# #....#
#........# #...##
#..[....# ##...####
##.......# #....'..#
g..g..wK.###....##.#
#@K.##....#..#
#####.#..#....#..#####
#.....# .#....#.......
#.)...# .....##..#####
#.....###.>####..#
##'#### #### #..# #.#
#..##### #.# #.......
#.# #.######


You could see 2 gnolls, a dart slug and 2 kobolds.

Vanquished Creatures
  Jessica (D:2)
  An adder (D:2)
  2 gnolls
  A dart slug (D:1)
  3 ribbon worms (D:2)
  4 bats (D:1)
  4 endoplasms
  3 giant cockroaches
  A goblin (D:2)
  3 hobgoblins (D:1)
  A quokka (D:2)
  4 ball pythons
  4 frilled lizards (D:1)
  5 kobolds
  3 rats
40 creatures vanquished.

Notes
Turn   | Place    | Note
-------+----------+-------------------------------------------
     0 | D:1      | qw the Spriggan Hunter began the quest for the Orb.
     0 | D:1      | Reached XP level 1. HP: 10/10 MP: 2/2
     0 | D:1      | 0 ||| qw: Version: 0.3-a-155-g5e7d8dd
     0 | D:1      | 0 ||| qw: Game counter: 1244
     0 | D:1      | 0 ||| qw: Melee chars always use a shield: true
     0 | D:1      | 0 ||| qw: God list: Okawaru
     0 | D:1      | 0 ||| qw: Allow faded altars: false
     0 | D:1      | 0 ||| qw: Do Orc after clearing Dungeon:15 true
     0 | D:1      | 0 ||| qw: Do second Lair branch before Depths: true
     0 | D:1      | 0 ||| qw: Lair rune preference: random
     0 | D:1      | 0 ||| qw: Goals: Normal
     0 | D:1      | 0 ||| PLANNING D:1-11
    29 | D:1      | Reached skill level 3 in Dodging
   115 | D:1      | Found Tuanuheg's General Store.
   126 | D:1      | 126 ||| SHOPLISTING amulet of guardian spirit (330 gold,
                  | have 0).
   126 | D:1      | 126 ||| SHOPLISTING potion of haste (110 gold, have 0).
   126 | D:1      | 126 ||| SHOPLISTING potion of heal wounds (55 gold, have
                  | 0).
   135 | D:1      | Reached XP level 2. HP: 14/14 MP: 3/3
   426 | D:1      | Reached XP level 3. HP: 18/18 MP: 4/4
   692 | D:1      | 692 ||| READING scroll labelled RYISTR POZXAEGEFO.
   692 | D:1      | 692 ||| ENCHANTING +0 shortbow.
   693 | D:1      | 693 ||| READING 2 scrolls labelled NUFYILORECK.
   694 | D:1      | 694 ||| READING scroll labelled ZEGAFF MOYD.
   795 | D:1      | 795 ||| READING 2 scrolls labelled CAMPOE OXYCS.
   795 | D:1      | 795 ||| IDENTIFYING murky sapphire potion
   796 | D:1      | 796 ||| READING scroll of identify.
   796 | D:1      | 796 ||| IDENTIFYING amethyst potion
   797 | D:1      | 797 ||| READING scroll labelled TYS VEACWIAC.
   798 | D:1      | 798 ||| DRINKING 2 smoky golden potions.
   798 | D:1      | Gained mutation: You have hidden genetic potential. [potion
                  | of mutation]
   799 | D:1      | 799 ||| DROPPING scroll of butterflies.
   800 | D:1      | 800 ||| DROPPING scroll of revelation.
   801 | D:1      | 801 ||| DROPPING potion of attraction.
   854 | D:2      | Noticed Jessica
   869 | D:2      | Killed Jessica
   870 | D:2      | Reached skill level 5 in Ranged Weapons
   870 | D:2      | Reached XP level 4. HP: 14/22 MP: 5/5
   870 | D:2      | 870 ||| FLEEEEING.
   871 | D:2      | 871 ||| FLEEEEING.
   879 | D:2      | 879 ||| FLEEEEING.
   881 | D:2      | 881 ||| FLEEEEING.
   882 | D:2      | 882 ||| FLEEEEING.
   883 | D:2      | 883 ||| FLEEEEING.
   884 | D:2      | 884 ||| FLEEEEING.
   885 | D:2      | 885 ||| FLEEEEING.
   886 | D:2      | 886 ||| FLEEEEING.
   887 | D:2      | 887 ||| FLEEEEING.
   889 | D:2      | 889 ||| FLEEEEING.
   890 | D:2      | 890 ||| FLEEEEING.
   891 | D:2      | 891 ||| FLEEEEING.
   892 | D:2      | 892 ||| STAIRDANCE
   999 | D:2      | Gained mutation: Your flesh is heat resistant. (rF+)
                  | [hidden potential]
  1146 | D:2      | HP: 4/22 [kobold/+0 short sword (3)]
  1147 | D:2      | Slain by a kobold

Levels and vault maps discovered:
D:1:      saegor_arrival_simple_c, layout_loops_cross, serial_shops,
          nicolae_shop_crystal, st_stairs_4
D:2:      minmay_diamond_boxcup, layout_basic, uniq_jessica

Skill      XL: |  1  2  3 |
---------------+----------+-----
Dodging        | 3 4 |  4.8
Ranged Weapons | 5 |  5.1
Fighting       | |  1.5
Stealth        | |  1.5

Action                     |  1- 3 |  4- 6 || total
---------------------------+-------+-------++-------
   Fire: Shortbow          |    65 |    50 ||   115
    Use: Scroll            |     6 |       ||     6
         Potion            |     1 |       ||     1
 Armour: Robe              |     8 |    14 ||    22
  Dodge: Dodged            |    13 |    30 ||    43

Table legend:
 A = Non-vault XP
 B = Vault XP
 C = Vault XP percentage of total XP
 D = Non-vault monster count
 E = Vault monster count
 F = Vault count percentage of total count
                 A         B        C        D         E       F
            +---------+---------+-------+---------+---------+-------
      Total |     104 |      43 |  29.3 |      37 |       3 |   7.5
            +---------+---------+-------+---------+---------+-------
        D:1 |      47 |       6 |  11.3 |      22 |       2 |   8.3
        D:2 |      57 |      37 |  39.4 |      15 |       1 |   6.2
            +---------+---------+-------+---------+---------+-------
